 Dungeon Crawl Stone Soup version 0.30-a0-782-ge64f9170bb (webtiles) character file.

Game seed: 17906889386446607006

808 mopl the Cudgeller (level 7, -2/60 HPs)
             Began as a Gnoll Cinder Acolyte on Mar 16, 2023.
             Was a High Priest of Ignis.
             Slain by an ice beast (10 damage)
             ... on level 5 of the Dungeon.
             The game lasted 00:05:11 (4538 turns).

mopl the Cudgeller (Gnoll Cinder Acolyte)           Turns: 4538, Time: 00:05:11

Health: -2/60      AC:  7    Str: 15    XL:     7   Next: 92%
Magic:  0/13       EV: 11    Int: 13    God:    Ignis [*****.]
Gold:   57         SH:  0    Dex:  8    Spells: 14/14 levels left

rFire   + . .      SeeInvis .    a - -1 mace (flame)
rCold   . . .      Faith    .    (no shield)
rNeg    . . .      Spirit   +    n - +0 ring mail
rPois   .          Reflect  .    x - +0 helmet
rElec   .          Harm     .    (no cloak)
rCorr   .          Rampage  .    (no gloves)
Will    .....                    d - +0 pair of boots
Stlth   +                        u - amulet of guardian spirit
HPRegen 0.30/turn                (no ring)
MPRegen 0.13/turn                (no ring)

@: no status effects
A: fangs 1, strong nose, distributed training
a: Renounce Religion, Fiery Armour, Foxfire Swarm, Rising Flame


You were on level 5 of the Dungeon.
You worshipped Ignis.
Ignis was extremely pleased with you.
You visited 1 branch of the dungeon, and saw 6 of its levels.

You collected 213 gold pieces.
You spent 156 gold pieces at shops.

Inventory:

Hand Weapons
 a - a -1 mace of flaming (weapon)
 b - a +2 dagger of venom
Missiles
 c - 7 poisoned darts (quivered)
 l - 2 boomerangs of dispersal
 A - a throwing net
Armour
 d - a +0 pair of boots (worn)
 n - a +0 ring mail (worn)
 x - a +0 helmet (worn)
Jewellery
 u - an amulet of guardian spirit (around neck)
Scrolls
 e - 2 scrolls of vulnerability {unknown}
 g - a scroll of blinking {unknown}
 h - 2 scrolls of noise {unknown}
 j - 2 scrolls of silence {unknown}
 k - 2 scrolls of fear {unknown}
 m - 2 scrolls of teleportation {unknown}
 p - 3 scrolls of enchant weapon {unknown}
 q - 2 scrolls of poison {unknown}
 r - a scroll of brand weapon {unknown}
 t - a scroll of immolation {unknown}
 w - a scroll of amnesia {unknown}
 y - 4 scrolls of magic mapping {unknown}
 B - a scroll of torment {unknown}
Potions
 f - 3 potions of curing
 i - 2 potions of brilliance {unknown}
 o - a potion of heal wounds
 s - a potion of flight {unknown}
 v - a potion of cancellation
 z - 2 potions of lignification {!q}


   Skills:
 + Level 7.2 Fighting
 + Level 2.9 Short Blades
 + Level 2.9 Long Blades
 + Level 2.9 Axes
 + Level 7.2 Maces & Flails
 + Level 2.9 Polearms
 + Level 2.9 Staves
 + Level 2.9 Ranged Weapons
 + Level 2.9 Throwing
 + Level 2.9 Armour
 + Level 2.9 Dodging
 + Level 2.9 Stealth
 + Level 2.9 Shields
 + Level 2.9 Unarmed Combat
 + Level 4.1 Spellcasting
 + Level 2.3 Conjurations
 + Level 2.3 Hexes
 + Level 2.3 Summonings
 + Level 2.3 Necromancy
 + Level 2.3 Translocations
 + Level 2.3 Transmutations
 + Level 6.0 Fire Magic
 + Level 2.3 Ice Magic
 + Level 2.3 Air Magic
 + Level 2.3 Earth Magic
 + Level 2.3 Poison Magic
 + Level 3.2 Invocations
 + Level 2.9 Evocations


You had 14 spell levels left.
You didn't know any spells.
Your spell library contained the following spells:

 Spells                   Type           Power      Damage    Failure   Level
 Scorch                   Fire           36%        2d6       4%          2
 Magic Dart               Conj           32%        1d4       16%         1
 Shock                    Conj/Air       32%        1d5       16%         1
 Slow                     Hex            32%        N/A       16%         1
 Cigotuvi's Dreadful Rot  Necr/Pois/Air  16%        N/A       22%         2
 Searing Ray              Conj           16%        2d5       22%         2
 Static Discharge         Conj/Air       16%        2-3/arc   22%         2
 Inner Flame              Hex/Fire       13%        N/A       22%         3
 Confusing Touch          Hex            8%         N/A       41%         3
 Swiftness                Air            8%         N/A       41%         3
 Vampiric Draining        Necr           8%         2d6       41%         3
 Cause Fear               Hex            4%         N/A       83%         4
 Fulminant Prism          Conj/Hex       4%         3d5       83%         4
 Freezing Cloud           Conj/Ice/Air   4%         6-21      99%         5
 Simulacrum               Ice/Necr       4%         N/A       100%        6
 Discord                  Hex            4%         N/A       100%        8
 Polar Vortex             Ice            4%         N/A       100%        9


Dungeon Overview and Level Annotations

Branches:
Dungeon (6/15)             Temple (0/1) D:4

Altars:
Fedhas
Hepliaklqana
Qazlal
Trog
Uskayaw
Wu Jian
Yredelemnul

Shops:
D:5 *

Annotations:
D:5 bb fly


Innate Abilities, Weirdness & Mutations

You have very sharp teeth.
Your uncanny sense of smell can sniff out nearby items.
Your experience applies equally to all skills.


Message History

The adder bites you but does no damage. The adder attacks as you move away!
The adder bites you but does no damage. The adder bites you but does no damage.
The adder attacks as you move away! The adder barely misses you.
The adder bites you. The ice beast attacks as you move away!
The ice beast misses you.
There is a stone staircase leading up here.
The adder bites you but does no damage. The ice beast hits you.
* * * LOW HITPOINT WARNING * * *
The ice beast freezes you!
* * * LOW HITPOINT WARNING * * *
You climb upwards.
Level annotation: bb fly
There is a stone staircase leading down here.
You hit the ice beast.
You melt the ice beast.
The ice beast is moderately wounded.
The adder misses you. The ice beast closely misses you.
The adder barely misses you.
You barely miss the ice beast.
The ice beast is moderately wounded.
The adder misses you. The ice beast barely misses you.
You hit the ice beast.
You melt the ice beast.
The ice beast is heavily wounded.
The adder closely misses you. The ice beast barely misses you.
You hit the ice beast but do no damage.
You bite the ice beast, but do no damage.
The ice beast is heavily wounded.
The adder barely misses you. The ice beast completely misses you.
The adder bites you but does no damage.
You hit the ice beast but do no damage. Your bite misses the ice beast.
The ice beast is heavily wounded.
The adder misses you. The ice beast completely misses you.
You hit the ice beast.
You melt the ice beast.
The ice beast is almost dead.
The adder bites you.
* * * LOW HITPOINT WARNING * * *
The ice beast hits you.
* * * LOW HITPOINT WARNING * * *
The ice beast freezes you!
You die...

......##..........##......#
...........##......#......#
......##..####...........###
.......#..').##.!..)[.......
..........'..##..##.........
..........####..####........
...........##...##......#...
...............SY..#........
............#...@.###.##....
.................## .# ....
............#....# .# .##
.#.#.......####.#####.#
.###.......# #........
..#........####........
...........#.#.....##..
.....##....#........#
.######...........#....


You could see an ice beast and an adder.

Vanquished Creatures
  Sigmund (D:3)
  2 scorpions (D:5)
  A howler monkey (D:5)
  A bullfrog zombie (D:4)
  2 hounds (D:4)
  A centaur skeleton (D:4)
  2 iguanas
  2 orc wizards
  2 scorpion zombies (D:4)
  Robin (D:4)
  4 gnolls (D:5)
  8 adders
  A white imp (D:5)
  3 adder zombies (D:4)
  An adder skeleton (D:4)
  3 dart slugs
  11 orcs
  An endoplasm (D:3)
  2 giant cockroaches (D:2)
  9 goblins
  8 hobgoblins
  A jackal (D:5)
  3 kobolds
  6 quokkas
  6 ball pythons
  A bat (D:3)
  2 frilled lizards
  A quokka zombie (D:4)
  4 rats
90 creatures vanquished.

Vanquished Creatures (others)
  36 fungi (D:3)
36 creatures vanquished.

Grand Total: 126 creatures vanquished

Notes
Turn   | Place    | Note
-------+----------+-------------------------------------------
     0 | D:1      | mopl the Gnoll Cinder Acolyte began the quest for the Orb.
     0 | D:1      | Reached XP level 1. HP: 23/23 MP: 4/4
   462 | D:1      | Reached XP level 2. HP: 29/29 MP: 5/5
   725 | D:2      | Reached XP level 3. HP: 26/35 MP: 7/7
   911 | D:2      | Reached skill level 1 in Invocations
  1406 | D:2      | Reached skill level 1 in Short Blades
  1406 | D:2      | Reached skill level 1 in Long Blades
  1406 | D:2      | Reached skill level 1 in Axes
  1406 | D:2      | Reached skill level 1 in Polearms
  1406 | D:2      | Reached skill level 1 in Staves
  1406 | D:2      | Reached skill level 1 in Ranged Weapons
  1406 | D:2      | Reached skill level 1 in Throwing
  1406 | D:2      | Reached skill level 1 in Armour
  1406 | D:2      | Reached skill level 1 in Dodging
  1406 | D:2      | Reached skill level 1 in Stealth
  1406 | D:2      | Reached skill level 1 in Shields
  1406 | D:2      | Reached skill level 1 in Unarmed Combat
  1406 | D:2      | Reached skill level 1 in Evocations
  1570 | D:3      | HP: 1/35 [orc wizard/+0 dagger (2)]
  1573 | D:3      | Reached skill level 3 in Spellcasting
  1573 | D:3      | Reached skill level 1 in Conjurations
  1573 | D:3      | Reached skill level 1 in Hexes
  1573 | D:3      | Reached skill level 1 in Summonings
  1573 | D:3      | Reached skill level 1 in Necromancy
  1573 | D:3      | Reached skill level 1 in Translocations
  1573 | D:3      | Reached skill level 1 in Transmutations
  1573 | D:3      | Reached skill level 1 in Ice Magic
  1573 | D:3      | Reached skill level 1 in Air Magic
  1573 | D:3      | Reached skill level 1 in Earth Magic
  1573 | D:3      | Reached skill level 1 in Poison Magic
  1573 | D:3      | Reached XP level 4. HP: 2/41 MP: 8/8
  1801 | D:3      | Noticed Sigmund
  1814 | D:3      | Killed Sigmund
  1815 | D:3      | Reached skill level 2 in Invocations
  1815 | D:3      | Reached XP level 5. HP: 17/47 MP: 8/10
  1815 | D:3      | Reached XP level 6. HP: 20/53 MP: 8/11
  2048 | D:3      | Found a hide-covered altar of Uskayaw.
  2068 | D:3      | Found a hazy altar of Hepliaklqana.
  2141 | D:3      | Found a bloodstained altar of Trog.
  2201 | D:3      | Found an ornate altar of the Wu Jian Council.
  2222 | D:3      | Got the Octavo of the Birds
  2320 | D:3      | Found a basalt altar of Yredelemnul.
  2561 | D:3      | Reached skill level 2 in Short Blades
  2561 | D:3      | Reached skill level 2 in Long Blades
  2561 | D:3      | Reached skill level 2 in Axes
  2561 | D:3      | Reached skill level 2 in Polearms
  2561 | D:3      | Reached skill level 2 in Staves
  2561 | D:3      | Reached skill level 2 in Ranged Weapons
  2561 | D:3      | Reached skill level 2 in Throwing
  2561 | D:3      | Reached skill level 2 in Armour
  2561 | D:3      | Reached skill level 2 in Dodging
  2561 | D:3      | Reached skill level 2 in Stealth
  2561 | D:3      | Reached skill level 2 in Shields
  2561 | D:3      | Reached skill level 2 in Unarmed Combat
  2561 | D:3      | Reached skill level 2 in Evocations
  2898 | D:4      | Found a blossoming altar of Fedhas.
  3203 | D:4      | Found a stormy altar of Qazlal.
  3279 | D:4      | Found a staircase to the Ecumenical Temple.
  3336 | D:4      | Reached skill level 7 in Fighting
  3336 | D:4      | Reached skill level 7 in Maces & Flails
  3336 | D:4      | Reached XP level 7. HP: 51/60 MP: 10/12
  3552 | D:4      | Reached skill level 2 in Conjurations
  3552 | D:4      | Reached skill level 2 in Hexes
  3552 | D:4      | Reached skill level 2 in Summonings
  3552 | D:4      | Reached skill level 2 in Necromancy
  3552 | D:4      | Reached skill level 2 in Translocations
  3552 | D:4      | Reached skill level 2 in Transmutations
  3552 | D:4      | Reached skill level 2 in Ice Magic
  3552 | D:4      | Reached skill level 2 in Air Magic
  3552 | D:4      | Reached skill level 2 in Earth Magic
  3552 | D:4      | Reached skill level 2 in Poison Magic
  3570 | D:4      | Noticed Robin
  3577 | D:4      | Killed Robin
  3625 | D:5      | Entered Level 5 of the Dungeon
  3820 | D:5      | Found Lall's Assorted Antiques.
  3833 | D:5      | Bought a scroll labelled EDWUFOMAETH for 27 gold pieces
  3833 | D:5      | Bought a scroll labelled TOGRIS MINLINE for 27 gold pieces
  3833 | D:5      | Bought a scroll labelled NEVUOPNICIU for 27 gold pieces
  3833 | D:5      | Bought 2 bubbling amethyst potions for 48 gold pieces
  3833 | D:5      | Bought a scroll labelled GECOPU XIEZIA for 27 gold pieces
  3933 | D:5      | Reached skill level 3 in Invocations
  4036 | D:5      | HP: 3/60 [something (1)]
  4039 | D:5      | Reached skill level 4 in Spellcasting
  4339 | D:5      | Reached skill level 6 in Fire Magic
  4538 | D:5      | Slain by an ice beast

Illustrated notes

Levels and vault maps discovered:
D:1:      lemuel_arrival_rhombus, layout_basic
D:2:      layout_loops_ring, roderic_lattice_a
D:3:      layout_basic, mainiacjoe_overflow_catch_the_wave,
          nzn_wu_jian_contemplation, lightli_temple_of_fire, pf_just_have_faith,
          uniq_sigmund
D:4:      layout_basic, grunt_temple_overflow_forces_of_nature,
          minmay_temple_entry_hall, serial_undead, serial_undead_d,
          serial_undead_b, serial_undead_d, serial_undead_f,
          nicolae_concentric_dashed_squares_wild, uniq_robin
D:5:      layout_cave_pools, tso_altar, serial_gnoll_camp, gnoll_camp_huts_moat,
          gnoll_camp_mini_hut, gnoll_camp_mini_sergeant, gnoll_camp_mini_house,
          gnoll_camp_mini_shop, kennysheep_small_circle
D:6:      layout_rooms, serial_co_window_serial, co_window_corner_a,
          co_window_paths_b, co_window_paths_a, co_window_of_opportunity_a,
          co_window_paths_a, co_window_corner_ca, co_window_cross_3,
          co_window_broadway_c, glass_columns_b, glass_columns_b,
          glass_columns_b, hangedman_decor_peaks_small, uniq_grinder

Skill      XL: |  1  2  3  4  5  6  7 |
---------------+----------------------+-----
Invocations    | 1 2 3 |  3.2
Short Blades   | 1 2 |  2.9
Long Blades    | 1 2 |  2.9
Axes           | 1 2 |  2.9
Polearms       | 1 2 |  2.9
Staves         | 1 2 |  2.9
Ranged Weapons | 1 2 |  2.9
Throwing       | 1 2 |  2.9
Armour         | 1 2 |  2.9
Dodging        | 1 2 |  2.9
Stealth        | 1 2 |  2.9
Shields        | 1 2 |  2.9
Unarmed Combat | 1 2 |  2.9
Evocations     | 1 2 |  2.9
Spellcasting   | 3 4 |  4.1
Conjurations   | 1 2 |  2.3
Hexes          | 1 2 |  2.3
Summonings     | 1 2 |  2.3
Necromancy     | 1 2 |  2.3
Translocations | 1 2 |  2.3
Transmutations | 1 2 |  2.3
Ice Magic      | 1 2 |  2.3
Air Magic      | 1 2 |  2.3
Earth Magic    | 1 2 |  2.3
Poison Magic   | 1 2 |  2.3
Fighting       | 7 |  7.2
Maces & Flails | 7 |  7.2
Fire Magic     | 6 |  6.0

Action                     |  1- 3 |  4- 6 |  7- 9 || total
---------------------------+-------+-------+-------++-------
  Melee: Mace              |   114 |   164 |   134 ||   412
         Bite              |     7 |    19 |    12 ||    38
         Punch             |     3 |     3 |     3 ||     9
  Throw: Dart              |       |     2 |       ||     2
    Use: Scroll            |       |       |     4 ||     4
         Potion            |       |       |     1 ||     1
   Stab: Sleeping          |       |       |     1 ||     1
 Armour: Robe              |    18 |     3 |       ||    21
         Ring mail         |       |    56 |    64 ||   120
  Dodge: Dodged            |    56 |    86 |   121 ||   263

Table legend: (Time is in decaauts)
 A = Elapsed time spent in this place.
 B = Non-inter-level travel time spent in this place.
 C = Inter-level travel time spent in this place.
 D = Time resting spent in this place.
 E = Time spent auto-exploring this place.
 F = Levels seen in this place.
 G = Mean time per level.
                   A        B        C        D        E       F      G
               +--------+--------+--------+--------+--------+-----+--------+
         Total |   4563 |   4438 |    125 |    970 |   2565 |   6 |  760.5 |
       Dungeon |   4563 |   4438 |    125 |    970 |   2565 |   6 |  760.5 |
               +--------+--------+--------+--------+--------+-----+--------+

Top non-repeatable levels by time:
     D:3: 1264 daAuts
     D:5: 899 daAuts
     D:4: 884 daAuts
     D:2: 810 daAuts
     D:1: 685 daAuts
     D:6: 19 daAuts
